 Dungeon Crawl Stone Soup version 0.27.1-35-g4d5d836560 (webtiles) character file.

Game seed: 10154936292977785627

847 pkoi the Conjurer (level 7, -3/42 (50) HPs)
             Began as a Demigod Conjurer on May 20, 2022.
             Slain by Maggie (7 damage)
             ... on level 6 of the Dungeon.
             The game lasted 00:07:53 (8905 turns).

pkoi the Conjurer (Demigod Conjurer)                Turns: 8905, Time: 00:07:53

HP:   -3/42 (50)    AC:  7    Str:  8    XL:     7   Next: 41%
MP:   1/14          EV: 16    Int: 28    God:
Gold: 143           SH:  0    Dex: 12    Spells: 1/12 levels left

rFire    . . .     SeeInvis .   k - +3 dagger (speed)
rCold    . . .     Faith    .   (no shield)
rNeg     . . .     Spirit   .   a - +0 robe
rPois    .         Reflect  .   (no helmet)
rElec    .         Harm     .   (no cloak)
rCorr    .         Rampage  .   (no gloves)
Will     .....                  h - +0 pair of boots
Stlth    ++........             g - amulet of the acrobat
HPRegen  0.14/turn              l - +4 ring of evasion
MPRegen  0.14/turn              o - +4 ring of protection

@: brilliant, mesmerised, heavily drained, invisible
A: high mp 1, forlorn
a: no special abilities


You were on level 6 of the Dungeon.
You visited 1 branch of the dungeon, and saw 6 of its levels.

You collected 143 gold pieces.

Inventory:

Hand Weapons
 j - a +0 short sword
 k - a +3 dagger of speed (weapon)
Armour
 a - a +0 robe (worn)
 h - a +0 pair of boots (worn)
Magical Staves
 d - a staff of conjuration
Jewellery
 c - a ring of ice
 g - an amulet of the acrobat (around neck)
 l - a +4 ring of evasion (left hand)
 o - a +4 ring of protection (right hand)
 u - a ring of protection from cold
Wands
 s - a wand of flame (15)
Scrolls
 b - a scroll of identify
 n - 2 scrolls of acquirement
 t - a scroll of fog
Potions
 e - 2 potions of might
 f - a potion of berserk rage
 i - a potion of cancellation


   Skills:
 - Level 1.7 Dodging
 - Level 3.0 Stealth
 - Level 3.0 Spellcasting
 * Level 7.0 Conjurations
 + Level 2.4 Hexes
 + Level 2.4 Translocations


You had one spell level left.
You knew the following spells:

 Your Spells              Type           Power      Damage    Failure   Level
a - Magic Dart            Conj           100%       1d8       1%          1
b - Searing Ray           Conj           100%       3d7       1%          2
c - Iskenderun's Mystic   Conj/Tloc      46%        2d10      12%         4
d - Fulminant Prism       Conj/Hex       23%        3d13      12%         4

Your spell library contained the following spells:

 Spells                   Type           Power      Damage    Failure   Level
 Corona                   Hex            30%        N/A       3%          1
 Dazzling Flash           Conj/Hex       92%        N/A       3%          3
 Ensorcelled Hibernation  Hex/Ice        32%        N/A       8%          2
 Tukima's Dance           Hex            27%        N/A       9%          3
 Wereblood                Tmut           6%         N/A       12%         2
 Irradiate                Conj/Tmut      17%        3d19      47%         5
 Summon Forest            Summ/Tloc      8%         N/A       80%         5
 Eringya's Noxious Bog    Tmut/Pois      3%         N/A       100%        6
 Summon Hydra             Summ           3%         N/A       100%        7


Dungeon Overview and Level Annotations

Branches:
Dungeon (6/15)             Temple (0/1) D:4

Annotations:
D:6 Maggie


Innate Abilities, Weirdness & Mutations

Your attributes grow dramatically as you level up.
You have an increased reservoir of magic. (+10% MP)
You shall have no god before yourself.


Message History

Aim: Maggie, wielding a +2 war axe of draining and wearing +0 acid dragon scales (heavily wounded, mesmerising, 82% to hit)
The searing ray hits Maggie!
Maggie is severely wounded. (Press . to maintain the ray.) Maggie says, "Fear not.
I will immortalize you in the tale of my first kill."
Maggie hits you with a +2 war axe of draining!
You feel drained.
The searing ray misses Maggie.
Maggie points at you and mumbles some strange words.
The bolt of fire misses you.
The searing ray misses Maggie.
Maggie misses you.
The searing ray hits Maggie!
Maggie is severely wounded.
You finish channeling your searing ray.
Maggie hits you with a +2 war axe of draining!
You feel drained.
Unknown command.
Casting: Searing Ray (safe; 1% risk of failure)
Confirm with . or Enter, or press ? or * to list all spells.
Aiming: Searing Ray (safe; 1% risk of failure)
Press: ? - help, Shift-Dir - straight line, f/p - Maggie
Aim: Maggie, wielding a +2 war axe of draining and wearing +0 acid dragon scales (severely wounded, mesmerising, 82% to hit)
The searing ray hits Maggie!
Maggie is almost dead. (Press . to maintain the ray.)
The water moccasin hisses angrily.
Maggie misses you.
Okay, then.
It was a potion of brilliance.
You feel clever all of a sudden.
Maggie hits you with a +2 war axe of draining!
* * * LOW HITPOINT WARNING * * *
You feel drained.
* * * LOW HITPOINT WARNING * * *
It was a potion of invisibility.
You fade into invisibility!
Maggie hits you with a +2 war axe of draining!
* * * LOW HITPOINT WARNING * * *
You feel drained.
You die...

,*,,****,.............# *,*
,,,,,,**,.............# *,*
,*,*****,.............###* *,*
,,,* *,...............l* *,* ,*,*
*,.............##.**** *,* ,,,*
*,................,,,* *,* ,,,*
*,.............##.*,** *,* ,,,*
**#######S........*,* *,*
,,>******,,,,**#@#.######*,* *,*
,,,,,,,,,(......@#.# *,****,*
*********!.#.#...#.# *,,,,,,*
**********,*,#...#.# ********
,,,,,,,,,,,*,#.#.#.#*************
******,***,*,.....,,,,,,,,,,,,,,,
*,* *,*.#.#.#,************** *,*
*,#.#.#.#,* ******,* *,*,*,*,*,*
*******


You could see Maggie (mesmerising) and a water moccasin.

Vanquished Creatures
  An ogre (D:5)
  A bullfrog (D:4)
  2 scorpions
  A wyvern skeleton (D:4)
  2 bullfrog zombies (D:5)
  2 hounds
  2 orc priests (D:4)
  A jelly (D:4)
  2 iguanas (D:5)
  Ijyb (D:5)
  An orc wizard (D:4)
  Robin (D:3)
  A howler monkey skeleton (D:4)
  8 adders
  3 worms
  A dart slug (D:2)
  17 orcs
  4 bats
  4 endoplasms
  4 giant cockroaches
  11 goblins
  13 hobgoblins
  8 jackals
  A quokka (D:1)
  7 ball pythons
  4 frilled lizards
  2 kobolds
  9 rats
114 creatures vanquished.

Vanquished Creatures (others)
  3 fungi (D:3)
3 creatures vanquished.

Grand Total: 117 creatures vanquished

Notes
Turn   | Place    | Note
-------+----------+-------------------------------------------
     0 | D:1      | pkoi the Demigod Conjurer began the quest for the Orb.
     0 | D:1      | Reached XP level 1. HP: 14/14 MP: 5/5
   421 | D:1      | Reached skill level 4 in Conjurations
   486 | D:1      | Reached XP level 2. HP: 20/20 MP: 5/7
   489 | D:1      | Learned a level 2 spell: Searing Ray
  1989 | D:2      | Reached XP level 3. HP: 26/26 MP: 3/8
  2736 | D:3      | Reached skill level 5 in Conjurations
  3689 | D:3      | Reached XP level 4. HP: 21/33 MP: 1/9
  4077 | D:3      | Noticed Robin
  4102 | D:3      | Killed Robin
  4894 | D:3      | Got the Handbook of Transmutation and Conjuration
  5887 | D:4      | Reached XP level 5. HP: 36/38 MP: 2/10
  6120 | D:4      | Reached skill level 6 in Conjurations
  6240 | D:4      | Reached skill level 1 in Hexes
  6240 | D:4      | Reached skill level 1 in Translocations
  6240 | D:4      | Reached XP level 6. HP: 42/45 MP: 5/12
  7095 | D:4      | Found a staircase to the Ecumenical Temple.
  7616 | D:5      | Entered Level 5 of the Dungeon
  8051 | D:5      | Reached XP level 7. HP: 50/50 MP: 9/14
  8424 | D:5      | Noticed Ijyb
  8432 | D:5      | Killed Ijyb
  8707 | D:5      | Learned a level 4 spell: Iskenderun's Mystic Blast
  8712 | D:5      | Learned a level 4 spell: Fulminant Prism
  8861 | D:6      | Identified 3 scrolls of acquirement
  8861 | D:6      | Acquired a staff of conjuration
  8881 | D:6      | Reached skill level 7 in Conjurations
  8892 | D:6      | Noticed Maggie
  8905 | D:6      | Slain by Maggie

Illustrated notes

Levels and vault maps discovered:
D:1:      amcnicky_arrival_wind_blow, layout_basic,
          hellmonk_ecumenical_altar_leap_of_faith
D:2:      layout_basic
D:3:      layout_basic, nicolae_ashenzari_panopticon,
          mainiacjoe_overflow_boulevard, marbit_many_paths, uniq_robin
D:4:      wad_pebble_path, layout_loops_ring,
          minmay_temple_entry_drinking_statues
D:5:      layout_basic, nicolae_uskayaw_murder_on_the_dancefloor, uniq_ijyb
D:6:      layout_basic, kennysheep_okawaru_gauntlet, gup_sewer_entry_bubbles,
          uniq_menkaure, uniq_maggie

Skill      XL: |  1  2  3  4  5  6  7 |
---------------+----------------------+-----
Conjurations   | 4 5 6 7 |  7.0
Stealth        | 2 3 |  3.0
Spellcasting   | 2 3 |  3.0
Hexes          | 1 2 |  2.4
Translocations | 1 2 |  2.4
Dodging        | |  1.7

Action                   |  1- 3 |  4- 6 |  7- 9 || total
-------------------------+-------+-------+-------++-------
Melee: Unarmed           |     4 |       |       ||     4
       Dagger            |    15 |    13 |       ||    28
 Cast: Magic Dart        |   119 |    99 |    11 ||   229
       Searing Ray       |     4 |    10 |     8 ||    22
  Use: Scroll            |     6 |       |     4 ||    10
       Potion            |       |       |     2 ||     2
 Stab: Sleeping          |       |     1 |       ||     1
Armor: Robe              |     5 |       |       ||     5
Dodge: Dodged            |    22 |    32 |     9 ||    63
